 Dungeon Sprint DCSS version 0.29.1-15-g9cfb28693d (webtiles) character file.

Game seed: 7878801921349011927

12179 Groucho the Fighter (level 11, -11/80 HPs)
             Began as a Gargoyle Fighter on Apr 6, 2023.
             Was the Champion of Cheibriados.
             Mangled by an orc knight
             ... wielding a +0 halberd
              (36 damage)
             ... in the Dungeon (Sprint IX: "|||||||||||||||||||||||||||||").
             The game lasted 00:06:37 (3923 turns).

Groucho the Fighter (Gargoyle Fighter)              Turns: 3923, Time: 00:06:37

Health: -11/80     AC: 29    Str: 35    XL:     11   Next: 89%
Magic:  14/20      EV: 18    Int: 24    God:    Cheibriados [******]
Gold:   1559       SH: 10    Dex: 31    Spells: 10/10 levels left

rFire   . . .      SeeInvis .   n - +1 broad axe (freeze)
rCold   . . .      Faith    .   c - +0 buckler
rNeg    + . .      Spirit   .   p - +0 plate armour
rPois   ∞          Reflect  .   w - +0 helmet
rElec   +          Harm     .   a - +0 cloak
rCorr   .          Rampage  .   (no gloves)
Will    .....      NoTele   +   o - +0 pair of boots
Stlth   ..........              (no amulet)
HPRegen 0.23/turn               b - +2 ring of evasion
MPRegen 0.17/turn               q - +3 ring of dexterity

@: very slow
A: sickness immunity, AC +8, negative energy resistance 1, electricity
resistance, torment resistance 1, petrification resistance
a: Renounce Religion, Bend Time, Temporal Distortion, Slouch, Step From Time


You were in the Dungeon.
You worshipped Cheibriados.
Cheibriados was exalted by your worship.
You visited 1 branch You collected 1559 gold pieces.

Inventory:

Hand Weapons
 n - a +1 broad axe of freezing (weapon)
Armour
 a - a +0 cloak (worn)
 c - a +0 buckler (worn)
 o - a +0 pair of boots (worn)
 p - a +0 plate armour (worn)
 w - a +0 helmet (worn)
Jewellery
 b - a +2 ring of evasion (left hand)
 q - a +3 ring of dexterity (right hand)
Wands
 m - a wand of acid (10)
Scrolls
 j - 3 scrolls of blinking
 l - 2 scrolls of amnesia
 r - a scroll of fear
 s - 2 scrolls of enchant weapon
 t - a scroll of butterflies
 u - 2 scrolls of enchant armour
Potions
 d - a potion of heal wounds
 e - a potion of invisibility
 f - a potion of mutation
 g - 2 potions of haste
 h - 4 potions of magic
 i - a potion of berserk rage
 k - 3 potions of curing
 v - a potion of flight


   Skills:
 + Level 14.2 Fighting
 + Level 11.9 Axes
 + Level 14.2 Armour
 + Level 8.4 Dodging
 + Level 14.2 Shields
 + Level 12.9 Invocations


You had 10 spell levels left.
You didn't know any spells.
Your spell library was empty.

Dungeon Overview and Level Annotations

Branches:
Dungeon (1/1)

Altars:
Cheibriados
Dithmenos
Elyvilon
Fedhas
Gozag
Hepliaklqana
Kikubaaqudgha
Makhleb
Nemelex Xobeh
Okawaru
Qazlal
Ru
Sif Muna
Trog
Uskayaw
Vehumet
Wu Jian
Xom
Yredelemnul
Zin
The Shining One
Jiyva
Lugonu

Shops:
D :=(=


Innate Abilities, Weirdness & Mutations

You are immune to sickness and miasma.
Your stone body is resilient. (AC +8)
You are immune to poison.
You resist negative energy. (rN+)
You are resistant to electric shocks. (rElec)
You are resistant to unholy torment.
You are immune to petrification.


Message History

The orc knight roars a battlecry!
The orc knight goes into a battle-frenzy!
The orc knight barely misses you.
You hit the orc knight but do no damage.
The orc knight is severely wounded.
The orc knight misses you. You block the orc knight's attack.
You closely miss the orc knight.
The orc knight is severely wounded.
The orc knight no longer looks unusually strong.
The orc knight hits you but does no damage.
The orc knight roars a battlecry!
The orc knight goes into a battle-frenzy!
You closely miss the orc knight.
The orc knight is severely wounded.
The orc warrior no longer looks unusually strong. x2
The orc knight hits you from afar with a +0 halberd!
The orc knight roars a battlecry!
The orc warriors go into a battle-frenzy!
The orc knight completely misses you.
You closely miss the orc knight.
The orc knight is severely wounded.
The orc knight hits you but does no damage.
The orc knight hits you with a +0 battleaxe!
* * * LOW HITPOINT WARNING * * *
Unknown command.
You slash the orc knight! You freeze the orc knight.
The orc knight is severely wounded.
The orc knight no longer looks unusually strong.
You block the orc knight's attack. The orc knight barely misses you.
You feel much better. You block the orc knight's attack.
The orc knight roars a battlecry!
The orc knight goes into a battle-frenzy!
You block the orc knight's attack.
You feel much better.
The orc knight hits you from afar with a +0 halberd!!
The orc knight hits you with a +0 battleaxe!!
* * * LOW HITPOINT WARNING * * *
You feel much better.
The orc knight hits you from afar with a +0 halberd!!!
You die...

▓.▓[▓.▓)▓
▓+▓.▓[▓.▓)▓
▓.▓.▓[▓.▓.▓
▓o▓.▓.▓.▓.▓
▓o▓.▓.▓.▓.▓
▓o▓.▓'▓.▓[▓
▓o▓.▓)▓.▓.▓
▓o▓.▓.▓.▓.▓
▓@▓.▓)▓.▓[▓
▓∩▓.▓|▓.▓.▓
▓.▓.▓.▓.▓.▓
▓∩▓.▓.▓.▓[▓
▓.▓.▓.▓.▓.▓
▓∩▓.▓.▓.▓.▓
▓.▓.▓.▓.▓.▓
▓.▓.▓.▓.▓)▓
▓)▓.▓†▓.▓.▓


You could see 3 orc knights and 2 orc warriors.

Vanquished Creatures
  A catoblepas (D)
  A centaur warrior (D)
  A tengu warrior (D)
  A lindwurm (D)
  8 orc knights (D)
  A black mamba (D)
  2 cane toads (D)
  3 komodo dragons (D)
  2 kobold demonologists (D)
  A tengu conjurer (D)
  3 trolls (D)
  2 tyrant leeches (D)
  A polar bear (D)
  A blink frog (D)
  2 yaks (D)
  A human (shapeshifter) (D)
  A water moccasin (D)
  16 orc warriors (D)
  A kobold brigand (D)
  6 bullfrogs (D)
  A howler monkey (D)
  2 hounds (D)
  2 orc priests (D)
  An iguana (D)
  3 orc wizards (D)
  6 worms (D)
  6 orcs (D)
  A hobgoblin (D)
  A jackal (D)
  2 ball pythons (D)
  A rat (D)
81 creatures vanquished.

Notes
Turn   | Place    | Note
-------+----------+-------------------------------------------
     0 | D        | Groucho the Gargoyle Fighter began the quest for the Orb.
     0 | D        | Reached XP level 1. HP: 14/14 MP: 1/1
   372 | D        | Noticed an iguana
   372 | D        | Noticed a hound
   372 | D        | Noticed a hound
   378 | D        | Killed a hound
   379 | D        | Reached XP level 2. HP: 13/20 MP: 2/2
   379 | D        | Reached XP level 3. HP: 15/24 MP: 3/3
   389 | D        | Reached skill level 5 in Fighting
   389 | D        | Reached skill level 5 in Armour
   389 | D        | Reached skill level 5 in Shields
   389 | D        | Reached XP level 4. HP: 31/31 MP: 4/4
   941 | D        | Found a snail-covered altar of Cheibriados.
   941 | D        | Found a shadowy altar of Dithmenos.
   941 | D        | Found a white marble altar of Elyvilon.
   941 | D        | Found a blossoming altar of Fedhas.
   941 | D        | Found an opulent altar of Gozag.
   942 | D        | Found a hazy altar of Hepliaklqana.
   943 | D        | Found a viscous altar of Jiyva.
   944 | D        | Found an ancient bone altar of Kikubaaqudgha.
   945 | D        | Became a worshipper of Cheibriados the Contemplative
   946 | D        | Found a corrupted altar of Lugonu.
   947 | D        | Found a burning altar of Makhleb.
   948 | D        | Found a sparkling altar of Nemelex Xobeh.
   949 | D        | Found an iron altar of Okawaru.
   950 | D        | Found a stormy altar of Qazlal.
   951 | D        | Found a sacrificial altar of Ru.
   952 | D        | Found a shimmering blue altar of Sif Muna.
   953 | D        | Found a bloodstained altar of Trog.
   954 | D        | Found a hide-covered altar of Uskayaw.
   955 | D        | Found a radiant altar of Vehumet.
   956 | D        | Found an ornate altar of the Wu Jian Council.
   957 | D        | Found a shimmering altar of Xom.
   958 | D        | Found a basalt altar of Yredelemnul.
   959 | D        | Found a glowing silver altar of Zin.
   960 | D        | Found a glowing golden altar of the Shining One.
  1015 | D        | Noticed a troll
  1015 | D        | Noticed a troll
  1015 | D        | Noticed a troll
  1015 | D        | Noticed a kobold brigand
  1017 | D        | Killed a kobold brigand
  1018 | D        | Reached skill level 5 in Axes
  1018 | D        | Reached XP level 5. HP: 37/37 MP: 4/6
  1019 | D        | Reached * piety under Cheibriados
  1023 | D        | Reached XP level 6. HP: 44/44 MP: 4/8
  1025 | D        | Killed a troll
  1026 | D        | Reached skill level 5 in Invocations
  1026 | D        | Reached XP level 7. HP: 44/49 MP: 5/11
  1031 | D        | Killed a troll
  1031 | D        | Reached ** piety under Cheibriados
  1037 | D        | Killed a troll
  1038 | D        | Reached XP level 8. HP: 33/56 MP: 6/13
  1454 | D        | Noticed a tengu warrior
  1454 | D        | Noticed a tengu conjurer
  1454 | D        | Noticed a centaur warrior
  1454 | D        | Noticed a kobold demonologist
  1454 | D        | Noticed a kobold demonologist
  1459 | D        | Killed a kobold demonologist
  1460 | D        | Reached skill level 1 in Dodging
  1465 | D        | Killed a kobold demonologist
  1465 | D        | Reached *** piety under Cheibriados
  1466 | D        | Reached skill level 10 in Fighting
  1466 | D        | Reached skill level 10 in Armour
  1466 | D        | Reached skill level 10 in Shields
  1478 | D        | Killed a centaur warrior
  1479 | D        | Reached XP level 9. HP: 30/63 MP: 15/15
  1512 | D        | Killed a tengu warrior
  1512 | D        | Reached **** piety under Cheibriados
  1513 | D        | Killed a tengu conjurer
  2146 | D        | Noticed a komodo dragon
  2146 | D        | Noticed a komodo dragon
  2146 | D        | Noticed a polar bear
  2155 | D        | Killed a polar bear
  2158 | D        | Reached ***** piety under Cheibriados
  2159 | D        | Reached skill level 5 in Dodging
  2159 | D        | Reached XP level 10. HP: 53/70 MP: 11/17
  2160 | D        | Reached skill level 10 in Invocations
  2465 | D        | Noticed a catoblepas
  2465 | D        | Noticed a black mamba
  2465 | D        | Noticed a cane toad
  2465 | D        | Noticed a cane toad
  2467 | D        | Killed a black mamba
  2468 | D        | Reached skill level 10 in Axes
  2481 | D        | Killed a cane toad
  2485 | D        | Killed a cane toad
  2485 | D        | Reached ****** piety under Cheibriados
  2494 | D        | Killed a catoblepas
  3009 | D        | Noticed a lindwurm
  3020 | D        | Killed a lindwurm
  3021 | D        | Reached XP level 11. HP: 41/77 MP: 3/19
  3509 | D        | Noticed an orc knight
  3517 | D        | Noticed an orc knight
  3528 | D        | Killed an orc knight
  3528 | D        | Noticed an orc knight
  3529 | D        | Killed an orc knight
  3535 | D        | Killed an orc knight
  3879 | D        | Found Kopit's Jewellery Boutique.
  3879 | D        | Noticed an orc knight
  3879 | D        | Noticed an orc knight
  3879 | D        | Noticed an orc knight
  3879 | D        | Noticed an orc knight
  3880 | D        | Noticed an orc knight
  3884 | D        | Killed an orc knight
  3884 | D        | Killed an orc knight
  3885 | D        | Killed an orc knight
  3889 | D        | Killed an orc knight
  3890 | D        | Found Uhaniwey's Antique Weapon Shop.
  3894 | D        | Killed an orc knight
  3899 | D        | Found Dinwuj's Jewellery Boutique.
  3903 | D        | Found Uniniat's Book Shop.
  3905 | D        | Noticed an orc knight
  3906 | D        | Noticed an orc knight
  3907 | D        | Noticed an orc knight
  3922 | D        | HP: 1/80 [orc knight/+0 battleaxe (34)]
  3923 | D        | Mangled by an orc knight

Illustrated notes

Levels and vault maps discovered:
D:        linesprint [early_d, line_temple, items_1, d_10, items_2, lair_1,
          lair_end, items_3, orc_1, orc_end, items_4, d_15, swamp_1, shoals_1,
          snake_1, spider_1, d_20, vaults_1, items_5, swamp_end, shoals_end,
          snake_end, spider_end, vaults_end, d_27, items_6, zot_1, zot_end,
          crypt_end, forest_end, elf_end, slime_end, tomb_end, abyss_end,
          pan_hell_end]

Skill      XL: |  1  2  3  4  5  6  7  8  9 10 11 |
---------------+----------------------------------+-----
Axes           | 3 5 6 7 8 9 10 11 | 11.9
Fighting       | 4 5 6 7 8 9 10 11 12 14 | 14.2
Armour         | 4 5 6 7 8 9 10 11 13 14 | 14.2
Shields        | 4 5 6 7 8 9 10 11 12 14 | 14.2
Invocations    | 2 3 5 7 8 9 11 12 | 12.9
Dodging        | 3 5 6 8 |  8.4

Action                   |  1- 3 |  4- 6 |  7- 9 | 10-12 || total
-------------------------+-------+-------+-------+-------++-------
Melee: War axe           |    44 |    11 |       |       ||    55
       Broad axe         |       |    10 |    75 |   128 ||   213
Invok: Slouch            |       |       |     2 |    11 ||    13
  Use: Potion            |     1 |     1 |     4 |     5 ||    11
 Stab: Petrified         |       |       |       |     3 ||     3
Armor: Scale mail        |    28 |     2 |       |       ||    30
       Plate armour      |       |     7 |   100 |    29 ||   136
Dodge: Dodged            |    27 |     7 |    52 |    46 ||   132
Block: Buckler           |    13 |     6 |    49 |    38 ||   106
